 Dungeon Crawl Stone Soup version 0.24-a0-441-g27f0392e16 (webtiles) character file.

Game seed: 13526752630674673172

5719 LabCoat the Severer (level 10, -8/88 HPs)
             Began as a Hill Orc Fighter on June 19, 2019.
             Was a Believer of Trog.
             Mangled by an orc warrior
             ... wielding a +0 glaive
              (21 damage)
             ... in a bailey.
             The game lasted 00:31:21 (8361 turns).

LabCoat the Severer (Hill Orc Fighter)              Turns: 8361, Time: 00:31:22

Health: -8/88      AC: 14    Str: 26    XL:     10   Next: 76%
Magic:  3/3        EV:  9    Int: 11    God:    Trog [**....]
Gold:   370        SH: 11    Dex: 12    Spells: 9/9 levels left

rFire    . . .     SeeInvis .   z - +2 war axe (antimagic)
rCold    . . .     Gourm    .   c - +0 shield
rNeg     . . .     Faith    .   l - +0 chain mail
rPois    .         Spirit   .   t - +0 helmet
rElec    .         Reflect  .   (no cloak)
rCorr    .         Harm     .   g - +0 pair of gloves
MR       .....                  A - +0 pair of boots
Stlth    ..........             (no amulet)
HPRegen  0.24/turn              n - +3 ring of intelligence
MPRegen  0.08/turn              v - +3 ring of evasion

@: mighty, berserk cooldown, slowed, very slow
A: no striking features
a: Berserk, Trog's Hand, Renounce Religion


You were in a bailey.
You worshipped Trog.
Trog was pleased with you.
You were very hungry.

You visited 2 branches of the dungeon, and saw 10 of its levels.
You also visited: Bailey.

You collected 418 gold pieces.
You spent 48 gold pieces at shops.

Inventory:

Hand Weapons
 u - the +7 whip of Distant Worlds {vamp, Fragile rC+ Str+4 Dex+3}
   (You took it off an orc on level 4 of the Dungeon)

   It inflicts no extra harm, but heals its wielder when it wounds a living foe.
   It affects your strength (+4).
   It affects your dexterity (+3).
   It protects you from cold.
   It will be destroyed if unequipped.
 z - a +2 antimagic war axe (weapon)
Armour
 c - a +0 shield (worn)
 g - a +0 pair of gloves (worn)
 l - a +0 chain mail (worn)
 t - a +0 helmet (worn)
 A - a +0 pair of boots (worn)
 B - +0 steam dragon scales
Jewellery
 n - a +3 ring of intelligence (left hand)
 v - a +3 ring of evasion (right hand)
 x - a +2 ring of evasion
 y - an uncursed ring of ice
Wands
 o - a wand of iceblast (5)
 G - a wand of disintegration (12)
 I - a wand of paralysis (7)
Scrolls
 b - 3 scrolls of teleportation
 e - 9 scrolls of remove curse
 m - a scroll of blinking {unknown}
 p - a scroll of fog
 q - 3 scrolls of magic mapping
 w - a scroll of enchant weapon
 C - a scroll of random uselessness {unknown}
 E - a scroll of noise {unknown}
 H - a scroll of enchant armour {unknown}
 J - a scroll of holy word {unknown}
 K - a scroll of acquirement {unknown}
Potions
 a - a potion of ambrosia
 d - 2 potions of might
 h - 3 potions of haste
 j - 3 potions of flight
 k - 5 potions of curing
 r - 3 potions of cancellation
 s - 2 potions of lignification {unknown}
 D - a potion of brilliance {unknown}
 L - a potion of resistance {unknown}
 M - a potion of berserk rage {unknown}
Comestibles
 f - 9 rations
 F - 23 chunks of flesh


   Skills:
 + Level 7.6 Fighting
 * Level 15.4 Axes
 + Level 7.2 Armour
 + Level 6.6 Shields


You had 9 spell levels left.
You didn't know any spells.
Your spell library was empty.

Dungeon Overview and Level Annotations

Branches:
Dungeon (9/15)             Temple (1/1) D:7
   Lair: D:8-11         Orc: D:9-12

Altars:
Ashenzari
Cheibriados
Dithmenos
Elyvilon
Fedhas
Gozag
Hepliaklqana
Kikubaaqudgha
Okawaru
Qazlal
Sif Muna
Trog
Uskayaw
Vehumet
Wu Jian
Xom
Yredelemnul
The Shining One

Shops:
D:4 [   D:5 !   D:7 *

Annotations:
D:3 3 runed translucent doors, Elric's ghost, amateur GnSk


Message History

Okay, then.
Okay, then.
Okay, then.
Okay, then.
You feel better.
The orc knight shouts!
You hear a shout!
The orc misses you.
The orc warrior hits you with a +0 spear.
* * * LOW HITPOINT WARNING * * *
The orc barely misses you. You block the orc warrior's attack. x2
The orc warrior hits you but does no damage.
The orc hits you from afar with a +0 trident.
* * * LOW HITPOINT WARNING * * *
The orc hits you but does no damage.
Okay, then.
You feel very mighty all of a sudden.
The orc knight roars a battlecry!
The orcs go into a battle-frenzy!
The orc warrior hits you from afar with a +0 glaive!!
You die...

#.......#
..o....
#.....#
#'''''#
##.....##
#...o...#
#...)...#
#.oo@)o.#
#..o))..#
#..))...#
##.....##
##'''##
#.....#
#.....#
#.....#
#.....#


You could see an orc knight, 3 orc warriors and 2 orcs.

Vanquished Creatures
  2 two-headed ogres
  2 hippogriffs
  Sigmund (D:5)
  2 steam dragons (D:7)
  A water moccasin (D:8)
  2 sky beasts
  An eye of draining (D:7)
  8 orc warriors
  5 ogres
  A phantom (D:8)
  4 centaurs
  A big kobold (D:7)
  3 bullfrogs
  3 scorpions (D:5)
  5 howler monkeys
  2 crimson imps (D:6)
  A centaur zombie (D:9)
  8 orc wizards
  3 orc priests
  3 hounds
  2 jellies
  A bullfrog skeleton (D:4)
  A centaur skeleton (D:4)
  3 iguanas
  7 worker ants
  A killer bee zombie (D:6)
  A worker ant zombie (D:5)
  4 gnolls (D:5)
  7 adders
  A howler monkey skeleton (D:4)
  A shadow imp (D:5)
  An adder skeleton (D:7)
  2 worms
  2 dart slugs
  2 leopard geckos (D:7)
  62 orcs
  A ball python (D:6)
  6 bats
  3 giant cockroaches
  10 goblins
  7 hobgoblins
  8 kobolds
  5 quokkas
  4 frilled lizards
  A quokka skeleton (D:5)
  A quokka zombie (D:7)
  5 rats
207 creatures vanquished.

Notes
Turn   | Place    | Note
-------+----------+-------------------------------------------
     0 | D:1      | LabCoat the Hill Orc Fighter began the quest for the Orb.
     0 | D:1      | Reached XP level 1. HP: 19/19 MP: 1/1
    98 | D:1      | Reached skill level 3 in Axes
    98 | D:1      | Reached XP level 2. HP: 27/27 MP: 2/2
   853 | D:2      | Reached XP level 3. HP: 33/33 MP: 3/3
  1453 | D:3      | Reached skill level 4 in Axes
  1463 | D:3      | Reached XP level 4. HP: 33/40 MP: 4/4
  1604 | D:3      | Noticed a big kobold
  1604 | D:3      | Noticed Elric's ghost (amateur GnSk)
  1605 | D:3      | Found a runed translucent gate.
  1605 | D:3      | Found a runed translucent gate.
  1610 | D:3      | Found a runed translucent gate.
  2189 | D:4      | Reached skill level 5 in Axes
  2194 | D:4      | Reached XP level 5. HP: 38/46 MP: 5/5
  2250 | D:4      | Noticed an ogre
  2257 | D:4      | Killed an ogre
  2257 | D:4      | Reached skill level 6 in Axes
  2257 | D:4      | Reached XP level 6. HP: 39/53 MP: 6/6
  2500 | D:4      | Identified the +7 whip of Distant Worlds {vamp, Fragile rC+
                  | Str+4 Dex+3}
  2701 | D:4      | Reached skill level 7 in Axes
  2897 | D:4      | Found Lextis's Antique Armour Shop.
  2939 | D:4      | Found an opulent altar of Gozag.
  2940 | D:4      | Found a shattered altar of Ashenzari.
  3070 | D:5      | Entered Level 5 of the Dungeon
  3099 | D:5      | Reached XP level 7. HP: 47/60 MP: 7/7
  3105 | D:5      | Reached skill level 8 in Axes
  3706 | D:5      | Found an ancient bone altar of Kikubaaqudgha.
  3844 | D:5      | Found Xaczes's Distillery.
  3872 | D:5      | Noticed Sigmund
  3881 | D:5      | Killed Sigmund
  3881 | D:5      | Reached skill level 5 in Fighting
  3881 | D:5      | Reached skill level 9 in Axes
  3993 | D:5      | Reached XP level 8. HP: 56/68 MP: 8/8
  4142 | D:5      | Found an ancient bone altar of Kikubaaqudgha.
  4169 | D:5      | Reached skill level 10 in Axes
  4701 | D:6      | Reached skill level 11 in Axes
  4701 | D:6      | Reached skill level 5 in Armour
  4704 | D:6      | Reached skill level 5 in Shields
  4761 | D:6      | Reached XP level 9. HP: 49/75 MP: 9/9
  4896 | D:6      | Found a hide-covered altar of Uskayaw.
  4898 | D:6      | Reached skill level 12 in Axes
  5058 | D:6      | Found a shattered altar of Ashenzari.
  5628 | D:7      | Found a glowing golden altar of the Shining One.
  5654 | D:7      | Found an iron altar of Okawaru.
  5735 | D:7      | Reached skill level 13 in Axes
  6100 | D:7      | Found a shimmering altar of Xom.
  6404 | D:7      | Found a staircase to the Ecumenical Temple.
  6413 | Temple   | Entered the Ecumenical Temple
  6866 | D:7      | Found Plog's General Store.
  6869 | D:7      | Bought a scroll of identify for 24 gold pieces
  6869 | D:7      | Bought a scroll of identify for 24 gold pieces
  6941 | D:7      | Found a bloodstained altar of Trog.
  6948 | D:7      | Became a worshipper of Trog the Wrathful
  7324 | D:8      | Reached XP level 10. HP: 81/84 MP: 3/10
  7739 | D:8      | Reached skill level 14 in Axes
  7740 | D:8      | Found a basalt altar of Yredelemnul.
  7822 | D:8      | Noticed a two-headed ogre
  7833 | D:8      | Killed a two-headed ogre
  7895 | D:8      | You fall into a shaft and drop 1 floor!
  7917 | D:9      | Noticed a two-headed ogre
  7930 | D:9      | Killed a two-headed ogre
  7930 | D:9      | Reached skill level 15 in Axes
  8089 | D:9      | Found a flagged portal.
  8101 | D:9      | Reached * piety under Trog
  8105 | Bailey   | Entered a bailey
  8354 | Bailey   | Reached ** piety under Trog
  8359 | Bailey   | Noticed an orc knight
  8361 | Bailey   | Mangled by an orc warrior

Levels and vault maps discovered:
D:1:      enne_arrival_octagon_isle, layout_basic
D:2:      layout_basic, first_ration, minmay_misc_feat_doors
D:3:      layout_loops_ring, nicolae_overflow_hidden_temple,
          gammafunk_ghost_nasty_kobolds
D:4:      layout_basic, gammafunk_temple_overflow_statue, serial_shops, shop
D:5:      layout_cave_pods, kiku_gazebo_garden_becter, serial_shops,
          kennysheep_mini, basic_altar, grunt_ministairs_7, uniq_sigmund
D:6:      cheibrodos_quashed, layout_gridville, basic_altar,
          kennysheep_nondescript, minmay_misc_feat_encased,
          evilmike_ruin_ashenzari
D:7:      layout_rooms, old_standard_altar, tso_metal_star,
          trog_eyes_of_draining, kennysheep_little_box,
          minmay_temple_entry_poolview, serial_shops, kennysheep_mini_moat
D:8:      layout_layer_cave, lemuel_coloured_pillars_altar
D:9:      layout_roguey [special_room_bee], enter_bailey_3
Temple:   jpeg_temple_island
Bailey:   bailey_polearm_5, bailey

Skill      XL: |  1  2  3  4  5  6  7  8  9 10 |
---------------+-------------------------------+-----
Axes           | 3 4 5 6 7 9 11 13 15 | 15.4
Fighting       | 4 5 6 7 |  7.6
Armour         | 4 5 6 7 |  7.2
Shields        | 4 5 6 |  6.6

Action                   |  1- 3 |  4- 6 |  7- 9 | 10-12 || total
-------------------------+-------+-------+-------+-------++-------
Melee: War axe           |    88 |   105 |   331 |   106 ||   630
Invok: Berserk           |       |       |       |     2 ||     2
  Use: Scroll            |     4 |     4 |     7 |       ||    15
       Potion            |       |       |     2 |     4 ||     6
  Eat: Chunk             |     2 |     5 |     7 |     1 ||    15
       Ration            |       |       |     2 |     1 ||     3
Armor: Scale mail        |    22 |       |       |       ||    22
       Chain mail        |    17 |    49 |   164 |    67 ||   297
Dodge: Dodged            |    29 |    30 |    88 |    52 ||   199
Block: Shield            |    43 |    61 |   144 |    98 ||   346

Table legend:
 A = Non-vault XP
 B = Vault XP
 C = Vault XP percentage of total XP
 D = Non-vault monster count
 E = Vault monster count
 F = Vault count percentage of total count
                 A         B        C        D         E       F
            +---------+---------+-------+---------+---------+-------
      Total |    7072 |    1098 |  13.4 |     167 |      40 |  19.3
            +---------+---------+-------+---------+---------+-------
        D:1 |      28 |       0 |   0.0 |      15 |       0 |   0.0
        D:2 |      19 |       0 |   0.0 |       9 |       0 |   0.0
        D:3 |      73 |       0 |   0.0 |      18 |       0 |   0.0
        D:4 |     295 |       0 |   0.0 |      14 |       0 |   0.0
        D:5 |    1018 |     208 |  17.0 |      26 |       1 |   3.7
        D:6 |    1344 |       0 |   0.0 |      26 |       0 |   0.0
        D:7 |    1210 |     136 |  10.1 |      37 |       3 |   7.5
        D:8 |    1767 |       0 |   0.0 |      11 |       0 |   0.0
        D:9 |    1318 |       8 |   0.6 |      11 |       4 |  26.7
     Bailey |       0 |     746 | 100.0 |       0 |      32 | 100.0
            +---------+---------+-------+---------+---------+-------
